 Seeded DCSS version 0.30-a0-757-ga6a79fd877 (webtiles) character file.

Game seed: 2023020967 (custom seed)

2 deadwasthesage the Magician (level 1, -18/15 HPs)
             Began as a Djinni Ice Elementalist on Feb 9, 2023.
             Demolished by an ice beast (21 damage)
             ... on level 3 of the Dungeon.
             The game lasted 00:05:30 (106 turns).

deadwasthesage the Magician (DjIE)                   Turns: 106, Time: 00:05:31

Health: -18/15     AC:  2    Str:  7    XL:     1   Next: 33%
Gold:   0          EV: 12    Int: 16    God:
                   SH:  0    Dex: 13

rFire   + + .      SeeInvis .    (no weapon)
rCold   x . .      Faith    .    (no shield)
rNeg    . . .      Spirit   .    a - +0 robe
rPois   ∞          Reflect  .    (no helmet)
rElec   .          Harm     .    (no cloak)
rCorr   .          Rampage  .    (no gloves)
Will    .....                    (boots unavailable)
Stlth   ++                       (no amulet)
HPRegen 0.22/turn                (no ring)
MPRegen 0.00/turn                (no ring)

@: flying
A: sickness immunity, fire resistance 2, cold vulnerability 1, float, innate
caster, HP casting, extra vitality 1
a: no special abilities


You were on level 3 of the Dungeon.
You visited 1 branch of the dungeon, and saw 3 of its levels.

Inventory:

Armour
 a - a +0 robe (worn)
Potions
 b - a potion of magic


   Skills:
 + Level 2.2 Dodging
 + Level 1.5 Stealth
 + Level 3.3 Spellcasting


You couldn't memorise any spells.
You knew the following spells:

 Your Spells              Type           Power      Damage    Failure   Level
a - Freeze                Ice            52%        1d6       4%          1
b - Frozen Ramparts       Ice            26%        1d4       14%         3
c - Ozocubu's Armour      Ice            13%        N/A       14%         3
d - Summon Ice Beast      Ice/Summ       13%        N/A       43%         4
Your spell library was empty.

Dungeon Overview and Level Annotations

Branches:
Dungeon (3/15)

Altars:


Innate Abilities, Weirdness & Mutations

You are immune to sickness and miasma.
You are immune to poison.
Your flesh is very heat resistant. (rF++)
You are vulnerable to cold. (rC-)
You float through the air rather than walking.
You learn spells naturally, not from books.
Your magical power is your life essence.
You have superior vitality. (+4 MHP)


Message History

Casting: Freeze (safe; 4% risk of failure)
Confirm with . or Enter, or press ? or * to list all spells.
You don't know that spell.
Press: ? - help, v - describe, . - travel
Here: a frilled lizard The floor.
There are monsters nearby!
Press: ? - help, v - describe, . - travel
Here: a frilled lizard The floor.
There are monsters nearby!
You closely miss the frilled lizard. The frilled lizard barely misses you.
Press: ? - help, v - describe, . - travel The floor.
There are monsters nearby!
Press: ? - help, v - describe, . - travel
Here: a frilled lizard The floor.
There are monsters nearby!
Okay, then.
Press: ? - help, v - describe, . - travel
Here: a frilled lizard The floor.
There are monsters nearby!
Press: ? - help, v - describe, . - travel
Here: a frilled lizard The floor.
There are monsters nearby!
Okay, then.
The frilled lizard bites you.
Attack: -) Nothing wielded
Press: ? - help, Dir - move target, f/p - frilled lizard
Aim: a frilled lizard (about 65% to evade your hands)
You hit the frilled lizard.
You kill the frilled lizard!
The ice beast hits you.
* * * LOW HITPOINT WARNING * * *
The ice beast freezes you!!
You feel a terrible chill!
Ouch! That really hurt!
You die...

## ..# ##.... #.##
##########..# #..
#..........#### #..
#.....<....>..# #.#
#.............# #.###
#.............####.#≈#
#..................#≈##
#...........@†.###..~.#
#<.>.........Y.# #..~.####
#####...........##..~....#
#..)......#....#≈###.####
............#.#≈#......#
.........##...#≈##.....#
############..#####....#
#### ######


You could see an ice beast.

Vanquished Creatures
  A hobgoblin (D:2)
  A frilled lizard (D:3)
  A rat (D:1)
3 creatures vanquished.

Notes
Turn   | Place    | Note
-------+----------+-------------------------------------------
     0 | D:1      | deadwasthesage the Djinni Ice Elementalist began the quest
                  | for the Orb.
     0 | D:1      | deadwasthesage set off with the following spells memorised:
                  | Freeze, Frozen Ramparts, Ozocubu's Armour, Summon Ice
                  | Beast.
     0 | D:1      | Reached XP level 1. HP: 15/15 MP: 0/0
   100 | D:3      | Noticed an ice beast
   106 | D:3      | Demolished by an ice beast

Illustrated notes

Levels and vault maps discovered:
D:1:      onia_arrival_handbag, layout_basic,
          shapermc_ecumenical_altar_totnotflames, serial_shops, shop_statue,
          minmay_vboxes
D:2:      layout_rooms, uniq_jessica
D:3:      minmay_bubble_buster, layout_rooms,
          nicolae_kikubaaqudgha_miasma_corner, chequers_serial_rivers_micro_a,
          wad_orctagon

Action                     || total
---------------------------++-------
  Melee: Unarmed           ||    11
   Cast: Freeze            ||     3
    Use: Scroll            ||     1
 Armour: Robe              ||     4
  Dodge: Dodged            ||    10

Table legend: (Time is in decaauts)
 A = Elapsed time spent in this place.
 B = Non-inter-level travel time spent in this place.
 C = Inter-level travel time spent in this place.
 D = Time resting spent in this place.
 E = Time spent auto-exploring this place.
 F = Levels seen in this place.
 G = Mean time per level.
                   A        B        C        D        E       F      G
               +--------+--------+--------+--------+--------+-----+--------+
         Total |    105 |     98 |      7 |      0 |      0 |   3 |   35.0 |
       Dungeon |    105 |     98 |      7 |      0 |      0 |   3 |   35.0 |
               +--------+--------+--------+--------+--------+-----+--------+

Top non-repeatable levels by time:
     D:1: 52 daAuts
     D:3: 43 daAuts
     D:2: 9 daAuts
